TOP OF THE 1ST |
Reno Aces batting - Pitching for Colorado Springs Sky Sox : RHP Trey Price
|
Pitching: RHP Trey Price
|
|
Batting: RHB Ji-an Li
|
0-0: Ball 1-0: Ball 2-0: Foul Ball, location: 2F 2-1: Fly out, F7 (Line Drive, 7S, EV 105.6 MPH)
|
Batting: RHB Ruben Garza
|
0-0: Foul Ball, location: 2F 0-1: Ball 1-1: Foul Ball, location: 2F 1-2: Foul Ball, location: 2F 1-2: Ball 2-2: Ball 3-2: SINGLE (Flyball, 9LS, EV 85.0 MPH)
|
Batting: RHB Jon Solano
|
0-0: Ball 1-0: Called Strike 1-1: Swinging Strike 1-2: Foul Ball, location: 2F 1-2: Strikes out swinging
|
Batting: LHB Kyle Beaulieu
|
0-0: Foul Ball, location: 2F 0-1: Swinging Strike 0-2: Strikes out swinging
|
Top of the 1st over - 0 runs, 1 hit, 0 errors, 1 left on base; Reno 0 - Colorado Springs 0 |
BOTTOM OF THE 1ST |
Colorado Springs Sky Sox batting - Pitching for Reno Aces : LHP Rene Eenkhoorn
|
Pitching: LHP Rene Eenkhoorn
|
|
Batting: RHB Orlando Fernandez
|
0-0: Called Strike 0-1: Ball 1-1: Called Strike 1-2: Ball 2-2: Ball 3-2: Foul Ball, location: 2F 3-2: Base on Balls
|
Batting: LHB Tony Ponce
|
0-0: Ball 1-0: Foul Ball, location: 2F 1-1: Foul Ball, location: 2F 1-2: Foul Ball, location: 2F 1-2: Foul Ball, location: 2F 1-2: Ball 2-2: Fly out, F9 (Line Drive, 9S, EV 99.4 MPH)
|
Batting: RHB Devine Adams
|
0-0: Ball 1-0: Fielders Choice at 2nd, 5-4 (Groundball, 15, EV 84.4 MPH)
|
Batting: RHB George Lundy
|
0-0: Ball Devine Adams steals 2nd base (no throw) 1-0: Fly out, F9 (Flyball, 9S, EV 81.9 MPH)
|
Bottom of the 1st over - 0 runs, 0 hits, 0 errors, 1 left on base; Reno 0 - Colorado Springs 0 |
TOP OF THE 2ND |
Reno Aces batting - Pitching for Colorado Springs Sky Sox : RHP Trey Price
|
Batting: LHB Ian Jarvis
|
0-0: Called Strike 0-1: Called Strike 0-2: Foul Ball, location: 2F 0-2: Ball 1-2: Ground out 4-3 (Groundball, 34D, EV 102.5 MPH)
|
Batting: LHB Jeff Taylor
|
0-0: Ball 1-0: Swinging Strike 1-1: Ground out U3 (Groundball, 34, EV 82.5 MPH)
|
Batting: LHB Steve Reinhart
|
0-0: Called Strike 0-1: Ground out 5-3 (Groundball, 56, EV 86.2 MPH)
|
Top of the 2nd over - 0 runs, 0 hits, 0 errors, 0 left on base; Reno 0 - Colorado Springs 0 |
BOTTOM OF THE 2ND |
Colorado Springs Sky Sox batting - Pitching for Reno Aces : LHP Rene Eenkhoorn
|
Batting: LHB Koson Hirai
|
0-0: Called Strike 0-1: Ball 1-1: Swinging Strike 1-2: Strikes out looking
|
Batting: RHB Fu-Kang Duan
|
0-0: SINGLE (Groundball, 5D, EV 100.6 MPH)
|
Batting: RHB Ethan McCullough
|
0-0: DOUBLE (Line Drive, 8LXD, EV 106.2 MPH) Fu-Kang Duan to third Runner from 3rd tries for Home, SAFE, no throw by CF
|
Batting: RHB Dwane Reed
|
0-0: Ball 1-0: Called Strike 1-1: Called Strike 1-2: Ground out U3 (Groundball, 34, EV 96.9 MPH) Ethan McCullough to third
|
Batting: LHB Matt Steinke
|
0-0: Ball 1-0: SINGLE (Line Drive, 78S, EV 104.4 MPH) Ethan McCullough scores
|
Batting: RHB Orlando Fernandez
|
0-0: Ball 1-0: Ground out 6-3 (Groundball, 6S, EV 62.5 MPH)
|
Bottom of the 2nd over - 2 runs, 3 hits, 0 errors, 1 left on base; Reno 0 - Colorado Springs 2 |
TOP OF THE 3RD |
Reno Aces batting - Pitching for Colorado Springs Sky Sox : RHP Trey Price
|
Batting: LHB Sumiki Okuhara
|
0-0: Called Strike 0-1: Called Strike 0-2: Ball 1-2: Ball 2-2: Foul Ball, location: 2F 2-2: Ground out 4-3 (Groundball, 4, EV 102.5 MPH)
|
Batting: RHB Juan Espinoza
|
0-0: Ball 1-0: Fly out, F9 (Flyball, 89M, EV 92.5 MPH)
|
Batting: RHB Ji-an Li
|
0-0: Foul Ball, location: 2F 0-1: Ball 1-1: Fly out, F8 (Flyball, 8LD, EV 100.6 MPH)
|
Top of the 3rd over - 0 runs, 0 hits, 0 errors, 0 left on base; Reno 0 - Colorado Springs 2 |
BOTTOM OF THE 3RD |
Colorado Springs Sky Sox batting - Pitching for Reno Aces : LHP Rene Eenkhoorn
|
Batting: LHB Tony Ponce
|
0-0: Bunted foul 0-1: Ground out 1-3 (Groundball, 34S, EV 62.5 MPH)
|
Batting: RHB Devine Adams
|
0-0: Swinging Strike 0-1: SINGLE (Groundball, 13S, EV 63.1 MPH) (infield hit)
|
Batting: RHB George Lundy
|
0-0: Called Strike 0-1: Called Strike 0-2: Strikes out swinging
|
Batting: LHB Koson Hirai
|
0-0: Swinging Strike 0-1: Foul Ball, location: 2F 0-2: Foul Ball, location: 2F 0-2: Foul Ball, location: 2F 0-2: Strikes out looking
|
Bottom of the 3rd over - 0 runs, 1 hit, 0 errors, 1 left on base; Reno 0 - Colorado Springs 2 |
TOP OF THE 4TH |
Reno Aces batting - Pitching for Colorado Springs Sky Sox : RHP Trey Price
|
Batting: RHB Ruben Garza
|
0-0: Ball 1-0: Ball 2-0: Fly out, F4 (Popup, 4, EV 61.9 MPH)
|
Batting: RHB Jon Solano
|
0-0: SINGLE (Line Drive, 8LS, EV 107.5 MPH)
|
Batting: LHB Kyle Beaulieu
|
0-0: Ball 1-0: Foul Ball, location: 2F 1-1: Ball 2-1: Called Strike 2-2: Fielders Choice at 2nd, 6-4 (Groundball, 6M, EV 110.6 MPH)
|
Batting: LHB Ian Jarvis
|
Pickoff Play to 1st, Runner tries for 2nd, OUT after rundown.
|
Top of the 4th over - 0 runs, 1 hit, 0 errors, 0 left on base; Reno 0 - Colorado Springs 2 |
BOTTOM OF THE 4TH |
Colorado Springs Sky Sox batting - Pitching for Reno Aces : LHP Rene Eenkhoorn
|
Batting: RHB Fu-Kang Duan
|
0-0: Ball 1-0: Ball 2-0: Ball 3-0: Called Strike 3-1: Foul Ball, location: 2F 3-2: Strikes out swinging
|
Batting: RHB Ethan McCullough
|
0-0: Ball 1-0: SINGLE (Groundball, 56D, EV 102.5 MPH)
|
Batting: RHB Dwane Reed
|
0-0: Foul Ball, location: 2F 0-1: Foul Ball, location: 2F 0-2: Ball 1-2: Fielders Choice at 2nd, 3-6 (Groundball, 34S, EV 82.5 MPH)
|
Batting: LHB Matt Steinke
|
0-0: Called Strike 0-1: Swinging Strike 0-2: Ball 1-2: Ground out 4-3 (Groundball, 4, EV 89.4 MPH)
|
Bottom of the 4th over - 0 runs, 1 hit, 0 errors, 1 left on base; Reno 0 - Colorado Springs 2 |
TOP OF THE 5TH |
Reno Aces batting - Pitching for Colorado Springs Sky Sox : RHP Trey Price
|
Batting: LHB Ian Jarvis
|
0-0: Ball 1-0: Fly out, F7 (Line Drive, 78M, EV 90.0 MPH)
|
Batting: LHB Jeff Taylor
|
0-0: Ball 1-0: Called Strike 1-1: Ball 2-1: Ball 3-1: Foul Ball, location: 2F 3-2: SINGLE (Line Drive, 7S, EV 96.2 MPH)
|
Batting: LHB Steve Reinhart
|
0-0: Grounds into double play, 5-4-3 (Groundball, 5, EV 104.4 MPH)
|
Top of the 5th over - 0 runs, 1 hit, 0 errors, 0 left on base; Reno 0 - Colorado Springs 2 |
BOTTOM OF THE 5TH |
Colorado Springs Sky Sox batting - Pitching for Reno Aces : LHP Rene Eenkhoorn
|
Batting: RHB Orlando Fernandez
|
0-0: Ball 1-0: Swinging Strike 1-1: Swinging Strike 1-2: Ball 2-2: Foul Ball, location: 2F 2-2: Strikes out swinging
|
Batting: LHB Tony Ponce
|
0-0: Called Strike 0-1: Swinging Strike 0-2: Ball 1-2: Ball 2-2: Fly out, F7 (Flyball, 7, EV 94.4 MPH)
|
Batting: RHB Devine Adams
|
0-0: Foul Ball, location: 2F 0-1: Ball 1-1: Ball 2-1: Foul Ball, location: 2F 2-2: Ground out 6-3 (Groundball, 6, EV 103.8 MPH)
|
Bottom of the 5th over - 0 runs, 0 hits, 0 errors, 0 left on base; Reno 0 - Colorado Springs 2 |
TOP OF THE 6TH |
Reno Aces batting - Pitching for Colorado Springs Sky Sox : RHP Trey Price
|
Batting: LHB Sumiki Okuhara
|
0-0: Ball 1-0: Ball 2-0: Ball 3-0: Base on Balls
|
Batting: RHB Juan Espinoza
|
0-0: Called Strike 0-1: Foul Ball, location: 2F 0-2: Strikes out looking
|
Batting: RHB Ji-an Li
|
0-0: Ball 1-0: Ball 2-0: Foul Ball, location: 2F 2-1: Foul Ball, location: 2F 2-2: Fly out, F7 (Line Drive, 7LS, EV 98.8 MPH)
|
Batting: RHB Ruben Garza
|
0-0: Called Strike 0-1: Foul Ball, location: 2F 0-2: Foul Ball, location: 2F 0-2: Ball 1-2: Ball 2-2: SINGLE (Line Drive, 8RS, EV 93.8 MPH) Sumiki Okuhara to second Runner from 2nd tries for 3rd, SAFE, no throw by CF
|
Batting: RHB Jon Solano
|
0-0: Ball 1-0: Fly out, F9 (Flyball, 89M, EV 84.4 MPH)
|
Top of the 6th over - 0 runs, 1 hit, 0 errors, 2 left on base; Reno 0 - Colorado Springs 2 |
BOTTOM OF THE 6TH |
Colorado Springs Sky Sox batting - Pitching for Reno Aces : LHP Rene Eenkhoorn
|
Batting: RHB George Lundy
|
0-0: Called Strike 0-1: DOUBLE (Line Drive, 89D, EV 103.8 MPH)
|
Batting: LHB Koson Hirai
|
0-0: Ball 1-0: Called Strike 1-1: Foul Ball, location: 2F 1-2: Ball 2-2: Fly out, F5 (Popup, 25F, EV 81.2 MPH)
|
Batting: RHB Fu-Kang Duan
|
0-0: Ball 1-0: Ball 2-0: Ball 3-0: 2-RUN HOME RUN (Flyball, 78XD, EV 101.9 MPH), Distance : 401 ft
|
Batting: RHB Ethan McCullough
|
0-0: Ball 1-0: Called Strike 1-1: Ball 2-1: Foul Ball, location: 2F 2-2: Foul Ball, location: 2F 2-2: Fly out, F7 (Flyball, 7D, EV 91.2 MPH)
|
Batting: RHB Dwane Reed
|
0-0: Ball 1-0: Ground out 6-3 (Groundball, 6M, EV 89.4 MPH)
|
Bottom of the 6th over - 2 runs, 2 hits, 0 errors, 0 left on base; Reno 0 - Colorado Springs 4 |
TOP OF THE 7TH |
Reno Aces batting - Pitching for Colorado Springs Sky Sox : RHP Trey Price
|
Batting: LHB Kyle Beaulieu
|
0-0: Called Strike 0-1: Ball 1-1: Swinging Strike 1-2: Ball 2-2: Fly out, F7 (Flyball, 78D, EV 108.1 MPH)
|
Batting: LHB Ian Jarvis
|
0-0: Swinging Strike 0-1: Ball 1-1: Ball 2-1: Ball 3-1: Foul Ball, location: 2F 3-2: Strikes out looking
|
Batting: LHB Jeff Taylor
|
0-0: Ball 1-0: Ball 2-0: TRIPLE (Flyball, 7LD, EV 102.5 MPH)
|
Batting: LHB Steve Reinhart
|
0-0: Ball 1-0: Called Strike 1-1: Ball 2-1: Ground out 4-3 (Groundball, 4, EV 85.6 MPH)
|
Top of the 7th over - 0 runs, 1 hit, 0 errors, 1 left on base; Reno 0 - Colorado Springs 4 |
BOTTOM OF THE 7TH |
Colorado Springs Sky Sox batting - Pitching for Reno Aces : LHP Rene Eenkhoorn
|
Batting: LHB Matt Steinke
|
0-0: Ground out 4-3 (Groundball, 4, EV 82.5 MPH)
|
Batting: RHB Orlando Fernandez
|
0-0: Ball 1-0: Ball 2-0: Called Strike 2-1: Called Strike 2-2: Ground out 5-3 (Groundball, 56, EV 78.8 MPH)
|
Batting: LHB Tony Ponce
|
0-0: SINGLE (Line Drive, 4D, EV 97.5 MPH)
|
Pitching: RHP Manny Ferrer
|
|
Batting: RHB Devine Adams
|
0-0: Ball 1-0: Fly out, F8 (Flyball, 8LM, EV 91.9 MPH)
|
Bottom of the 7th over - 0 runs, 1 hit, 0 errors, 1 left on base; Reno 0 - Colorado Springs 4 |
TOP OF THE 8TH |
Reno Aces batting - Pitching for Colorado Springs Sky Sox : RHP Trey Price
|
Batting: LHB Sumiki Okuhara
|
0-0: Ball 1-0: Called Strike 1-1: SINGLE (Groundball, 34S, EV 63.8 MPH) (infield hit)
|
Batting: RHB Juan Espinoza
|
0-0: Ball 1-0: Ball 2-0: Ball 3-0: Base on Balls Sumiki Okuhara to second
|
Batting: RHB Ji-an Li
|
0-0: Foul Ball, location: 2F 0-1: 3-RUN HOME RUN (Flyball, 7D, EV 98.1 MPH), Distance : 379 ft
|
Batting: RHB Ruben Garza
|
0-0: Called Strike 0-1: Called Strike 0-2: Ball 1-2: Ball 2-2: Ground out 4-3 (Groundball, 4M, EV 78.1 MPH)
|
Pitching: RHP Paulo Guincho
|
|
Batting: RHB Jon Solano
|
0-0: Called Strike 0-1: Called Strike 0-2: Foul Ball, location: 2F 0-2: Ball 1-2: Strikes out looking
|
Batting: LHB Kyle Beaulieu
|
0-0: Ball 1-0: Ball 2-0: Called Strike 2-1: Called Strike 2-2: Ball 3-2: Base on Balls
|
Batting: LHB Ian Jarvis
|
0-0: Ball 1-0: Swinging Strike 1-1: Called Strike 1-2: Ball 2-2: Foul Ball, location: 2F 2-2: Strikes out swinging
|
Top of the 8th over - 3 runs, 2 hits, 0 errors, 1 left on base; Reno 3 - Colorado Springs 4 |
BOTTOM OF THE 8TH |
Colorado Springs Sky Sox batting - Pitching for Reno Aces : RHP Manny Ferrer
|
Batting: RHB George Lundy
|
0-0: Called Strike 0-1: Foul Ball, location: 2F 0-2: Ball 1-2: Ball 2-2: Ball 3-2: Strikes out looking
|
Batting: LHB Koson Hirai
|
0-0: Ball 1-0: Foul Ball, location: 2F 1-1: Ball 2-1: Swinging Strike 2-2: Ground out U3 (Groundball, 34, EV 80.0 MPH)
|
Batting: RHB Fu-Kang Duan
|
0-0: Called Strike 0-1: Called Strike 0-2: Ball 1-2: Ball 2-2: Ground out 4-3 (Groundball, 4, EV 88.8 MPH)
|
Bottom of the 8th over - 0 runs, 0 hits, 0 errors, 0 left on base; Reno 3 - Colorado Springs 4 |
TOP OF THE 9TH |
Reno Aces batting - Pitching for Colorado Springs Sky Sox : RHP Paulo Guincho
|
Pitching: RHP Curtis Gumbs
|
|
Batting: LHB Jeff Taylor
|
0-0: Called Strike 0-1: Swinging Strike 0-2: Foul Ball, location: 2F 0-2: Strikes out swinging
|
Batting: LHB Steve Reinhart
|
0-0: Ball 1-0: Ball 2-0: Foul Ball, location: 2F 2-1: Foul Ball, location: 2F 2-2: Ball 3-2: Ground out 6-3 (Groundball, 6, EV 84.4 MPH)
|
Batting: LHB Sumiki Okuhara
|
0-0: Called Strike 0-1: Called Strike 0-2: Ball 1-2: Ball 2-2: Ball 3-2: Base on Balls
|
Pinch Hitting: LHB Bobby Arevalo
|
0-0: Swinging Strike 0-1: Ball 1-1: Called Strike 1-2: Ball 2-2: Ball 3-2: Ground out 6-3 (Groundball, 6, EV 86.2 MPH)
|
Top of the 9th over - 0 runs, 0 hits, 0 errors, 1 left on base; Reno 3 - Colorado Springs 4 |
|